 Dungeon Crawl Stone Soup version 0.28-a0-1504-g839a4452db (webtiles) character file.

Game seed: 17021767686294390498

149 Cheeritup the Skirmisher (level 5, -2/46 HPs)
             Began as a Palentonga Fighter on Jan 13, 2022.
             Slain by a gnoll (7 damage)
             ... on level 3 of the Dungeon.
             The game lasted 00:05:29 (2727 turns).

Cheeritup the Skirmisher (Palentonga Fighter)       Turns: 2727, Time: 00:05:29

Health: -2/46      AC:  6    Str: 19    XL:     5   Next: 9%
Magic:  5/5        EV:  8    Int:  9    God:
Gold:   96         SH:  4    Dex: 11    Spells: 4/4 levels left

rFire   . . .      SeeInvis +   a - +0 war axe
rCold   . . .      Faith    .   c - +0 buckler
rNeg    . . .      Spirit   .   i - +0 ring mail
rPois   .          Reflect  .   (no helmet)
rElec   .          Harm     .   (no cloak)
rCorr   .          Rampage  .   (no gloves)
Will    .....                   (no barding)
Stlth   +.........              (no amulet)
HPRegen 0.15/turn               (no ring)
MPRegen 0.09/turn               (no ring)

@: no status effects
A: large, rugged brown scales 3, see invisible, deformed body, roll 1, armoured
tail
a: Rolling Charge


You were on level 3 of the Dungeon.
You visited 1 branch of the dungeon, and saw 4 of its levels.

You collected 96 gold pieces.

Inventory:

Hand Weapons
 a - a +0 war axe (weapon)
Armour
 b - a +0 scale mail
 c - a +0 buckler (worn)
 i - a +0 ring mail (worn)
 j - a +0 chain mail
 l - a +1 robe of cold resistance
Wands
 m - a wand of polymorph (1)
Scrolls
 e - 2 scrolls of identify
 h - a scroll of teleportation
 k - a scroll of torment {unknown}
 n - a scroll of fear {unknown}
 o - a scroll of fog {unknown}
Potions
 d - 2 potions of might
 f - a potion of curing


   Skills:
 + Level 4.6 Fighting
 + Level 4.0 Axes
 - Level 2.4 Armour
 - Level 2.4 Shields


You had 4 spell levels left.
You didn't know any spells.
Your spell library contained the following spells:

 Spells                   Type           Power      Damage    Failure   Level
 Dazzling Flash           Conj/Hex       0%         N/A       95%         3
 Iskenderun's Mystic Bla  Conj/Tloc      0%         2d3       100%        4
 Starburst                Conj/Fire      0%         6d3       100%        6


Dungeon Overview and Level Annotations

Branches:
Dungeon (4/15)
 Temple: D:4-7

Altars:
Wu Jian


Innate Abilities, Weirdness & Mutations

You are completely covered in rugged brown scales. (AC +3, +7% HP)
You have supernaturally acute eyesight. (SInv)
Armour fits poorly on your strangely shaped body.
You can roll at nearby foes to attack.
You have a long armoured tail.


Message History

You block the ufetubus's attack.
A gnoll comes into view. It is wielding a +1 whip of flaming.
A gnoll comes into view. It is wielding a +0 halberd.
The ufetubus barely misses you. The ufetubus hits you.
You slash the ufetubus!
You kill the ufetubus!
The ball python bites you but does no damage.
Your Axes skill increases to level 4!
You roll forward with a clatter of scales!
You barely miss the gnoll.
You hear a shout!
A hobgoblin comes into view.
The gnoll hits you with a +0 halberd!
The ball python bites you but does no damage.
You slash the ball python!
You kill the ball python!
You hit the gnoll but do no damage. You closely miss the gnoll.
The gnoll completely misses you. You block the gnoll's attack.
A bullfrog skeleton comes into view.
The gnoll closely misses you. The gnoll hits you with a +0 halberd.
The gnoll hits you from afar with a +0 halberd.
There is a stone staircase leading up here.
The gnoll hits you from afar with a +0 halberd.
* * * LOW HITPOINT WARNING * * *
You climb upwards.
There is a stone staircase leading down here.
You are too injured to fight recklessly!
You are too injured to fight recklessly!
You are too injured to fight recklessly!
You completely miss the gnoll. You block the gnoll's attack.
You completely miss the gnoll.
You tail-slap the gnoll, but do no damage.
You block the gnoll's attack. The gnoll hits you with a +0 flail.
* * * LOW HITPOINT WARNING * * *
You barely miss the gnoll. The gnoll hits you with a +0 flail.
* * * LOW HITPOINT WARNING * * *
You hit the gnoll.
The gnoll is moderately wounded.
The gnoll hits you with a +0 flail!
You die...

#.#.# #.#.....##.####.#####.#
#.#.# #.........(...........#
###.#.#####......######.#####.#
....#............# #.#.###.###
###########.#..#.# #....<....#
# ######.#.#..# #....####.# #
#...#..#.##.### #....# #.# #
####.#.#.##..g...# #....# #.#
#....#.#.#....@### #....# #.#
#.#.##.#.#####.# #....# #.#
#.#^##.#.# #.### #....# #.#
###..#.#.## #...# #....# #.#
#....#.(# #.#.############.#
#.#####.####.#..............#
#####.# #..)...#..............#
......# ########.##############
......# #.# #....#


You could see a gnoll.

Vanquished Creatures
  An orc wizard (D:3)
  A howler monkey zombie (D:3)
  2 adders
  An ufetubus (D:4)
  3 worms
  2 dart slugs (D:1)
  3 orcs (D:3)
  5 endoplasms
  15 goblins
  9 hobgoblins
  2 jackals (D:2)
  9 kobolds
  3 quokkas
  7 ball pythons
  4 frilled lizards
  7 rats
74 creatures vanquished.

Vanquished Creatures (others)
  2 withered plants (D:2)
2 creatures vanquished.

Grand Total: 76 creatures vanquished

Notes
Turn   | Place    | Note
-------+----------+-------------------------------------------
     0 | D:1      | Cheeritup the Palentonga Fighter began the quest for the
                  | Orb.
     0 | D:1      | Reached XP level 1. HP: 19/19 MP: 1/1
   261 | D:1      | Reached XP level 2. HP: 25/25 MP: 2/2
   790 | D:1      | Reached XP level 3. HP: 31/31 MP: 3/3
   960 | D:2      | Found a faded altar of an unknown god.
  1109 | D:2      | Found an ornate altar of the Wu Jian Council.
  1644 | D:3      | Reached XP level 4. HP: 39/39 MP: 4/4
  1997 | D:3      | Reached XP level 5. HP: 36/46 MP: 5/5
  2727 | D:3      | Slain by a gnoll

Illustrated notes

Levels and vault maps discovered:
D:1:      saegor_arrival_simple_c, layout_loops_ring, minmay_heptomino_h4
D:2:      layout_basic, ebering_ecumenical_altar_petrified, basic_altar
D:3:      layout_loops_ring, serial_co_window_serial, co_window_cross_1,
          co_window_corner_a, co_window_paths_a, co_window_corner_a,
          co_window_paths_b, co_window_corner_a, co_window_unsneaky_path_d,
          co_window_corner_b, co_window_unsneaky_path_b,
          co_window_unsneaky_path_d, glass_columns_c, glass_columns_a,
          glass_columns_b, glass_columns_a, grunt_ministairs_9,
          minmay_tree_intersection, corexii_hall_statues_t
D:4:      layout_loops_ring, biasface_ghost_orc_armoury, nicolae_shop_clearance

Skill      XL: |  1  2  3  4  5 |
---------------+----------------+-----
Axes           | 3 4 |  4.0
Fighting       | 4 |  4.6
Armour         | |  2.4
Shields        | |  2.4

Action                   |  1- 3 |  4- 6 || total
-------------------------+-------+-------++-------
Melee: War axe           |   123 |    62 ||   185
       Tailslap          |    12 |     6 ||    18
 Abil: Rolling Charge    |    35 |    17 ||    52
  Use: Scroll            |       |     3 ||     3
Armor: Scale mail        |    24 |       ||    24
       Ring mail         |    27 |    18 ||    45
Dodge: Dodged            |    45 |    26 ||    71
Block: Buckler           |    15 |    15 ||    30

Table legend: (Time is in decaauts)
 A = Elapsed time spent in this place.
 B = Non-inter-level travel time spent in this place.
 C = Inter-level travel time spent in this place.
 D = Time resting spent in this place.
 E = Time spent auto-exploring this place.
 F = Levels seen in this place.
 G = Mean time per level.
                   A        B        C        D        E       F      G
               +--------+--------+--------+--------+--------+-----+--------+
         Total |   2795 |   2709 |     86 |      0 |   2236 |   4 |  698.8 |
       Dungeon |   2795 |   2709 |     86 |      0 |   2236 |   4 |  698.8 |
               +--------+--------+--------+--------+--------+-----+--------+

Top non-repeatable levels by time:
     D:3: 1105 daAuts
     D:1: 983 daAuts
     D:2: 682 daAuts
     D:4: 24 daAuts
